Map: Entrenamiento de Void - Etapa 3

Players

MrFercho

  • Race: Protoss Protoss
  • Spawn Location: 6:00

Jugador 2 - Winner!

  • Race: Protoss Protoss
  • Spawn Location: 12:00

VOD

Have the link to the VOD?

Description

Time

  • Played on: Aug. 22, 2019, 10:15 p.m.
  • Length: 10:55
Show
View Real Time Build Order
Export as new Build Order

MrFercho Protoss 

Build Orders:  

Get SALT Encoding   

  12  0:02  Probe  
  13  0:19  Pylon  
  13  0:20  Probe  
  14  0:31  Assimilator, Probe  
  15  0:39  Probe  
  15  0:47  Probe  
  16  0:54  Gateway  
  17  1:03  Probe  
  18  1:06  Assimilator  
  18  1:15  Probe  
  19  1:23  Probe  
  19  1:31  Probe  
  21  1:41  Probe  
  22  1:52  Pylon  
  22  1:53  Probe  
  23  2:08  Cybernetics Core  
  23  2:10  Probe, Zealot  
  26  2:20  Pylon  
  26  2:36  Forge  
  26  2:37  Zealot  
  28  3:00  Sentry  
  30  3:06  Probe  
  31  3:18  Probe  
  32  3:21  Stalker  
  34  3:30  Probe  
  35  3:38  Warp Gate  
  35  3:42  Probe  
  36  3:54  Probe  
  37  3:55  Nexus  
  37  3:57  Assimilator  
  37  4:02  Assimilator  
  37  4:06  Pylon, Probe  
  37  4:09  Pylon  
  38  4:18  Probe  
  39  4:30  Probe  
  40  4:42  Probe  
  40  4:44  Robotics Facility  
  41  4:51  Stargate  
  41  4:53  Twilight Council  
  41  5:00  Gateway  
  41  5:03  Gateway  
  41  5:05  Gateway  
  41  5:13  Probe  
  42  5:19  Probe  
  43  5:25  Probe  
  44  5:31  Probe  
  44  5:35  Probe  
  46  5:43  Probe x2  
  48  5:52  Probe  
  48  5:55  Probe  
  50  6:08  Probe  
  51  6:13  Zealot  
  51  6:16  Zealot  
  51  6:34  Photon Cannon  
  51  6:35  Photon Cannon  
  51  6:38  Photon Cannon x2  
  51  6:44  Stalker  
  51  6:45  Stalker  
  51  6:46  Stalker x2  
  59  7:14  Immortal  
  63  7:53  Observer  
  64  8:11  Pylon  
  64  8:13  Pylon  
  64  8:16  Pylon  
  64  8:19  Nexus  
  64  8:21  Assimilator  
  64  8:26  Assimilator  
  64  8:30  Phoenix  
  66  8:55  Void Ray  
  66  9:02  Charge  
  70  9:25  Templar Archives  
  70  9:30  Fleet Beacon  
  70  9:31  Robotics Bay  
  70  9:38  Void Ray, Zealot x2  
  70  9:39  Zealot x2  
  82  10:03  Probe x2  
  84  10:07  Probe  
  85  10:15  Probe x2  
  85  10:19  Probe  
  88  10:27  Probe x2  
  89  10:30  Photon Cannon  
  89  10:31  Probe  
  89  10:33  Photon Cannon  
  89  10:34  Photon Cannon  
  86  10:36  Photon Cannon  
  86  10:37  Photon Cannon  
  86  10:39  Probe x3  
Show
View Real Time Build Order
Export as new Build Order

Jugador 2 Protoss - Winner!

Build Orders:  

Get SALT Encoding   

  12  0:00  Probe  
  13  0:13  Probe  
  14  0:22  Pylon  
  14  0:25  Probe  
  15  0:36  Probe  
  16  0:44  Probe  
  16  0:47  Assimilator  
  17  0:51  Gateway  
  17  0:53  Probe  
  18  1:00  Pylon  
  18  1:29  Gateway  
  18  1:34  Assimilator  
  18  1:40  Zealot  
  18  1:43  Cybernetics Core  
  20  1:58  Zealot  
  22  2:17  Pylon  
  22  2:20  Warp Gate  
  22  2:21  Stalker  
  24  2:36  Stalker, Probe  
  27  2:47  Stalker  
  27  2:48  Probe  
  30  2:54  Pylon  
  30  3:00  Probe  
  31  3:06  Stalker  
  31  3:11  Forge  
  31  3:12  Probe  
  34  3:24  Probe  
  35  3:36  Probe  
  36  5:22  Probe  
  36  5:25  Sentry  
  36  5:27  Photon Cannon  
  39  5:28  Photon Cannon  
  39  5:30  Pylon  
  39  5:33  Robotics Facility  
  39  5:36  Stargate  
  39  5:38  Adept  
  39  5:39  Twilight Council  
  39  5:42  Gateway  
  41  5:45  Forge  
  41  5:48  Probe  
  42  5:51  Stalker, Pylon  
  44  6:04  Sentry  
  44  6:17  Adept  
  44  6:21  Observer  
  39  6:28  Nexus  
  39  6:30  Stalker  
  39  6:42  Observer  
  39  6:43  Stalker  
  42  6:56  Stalker  
  44  7:08  Zealot  
  46  7:21  Stalker  
  48  7:34  Zealot  
  50  7:40  Probe  
  50  7:41  Probe  
  52  7:49  Probe  
  52  7:50  Assimilator  
  52  7:52  Probe  
  52  7:53  Pylon  
  52  7:55  Assimilator, Pylon  
  52  7:58  Probe  
  54  8:04  Probe  
  56  8:10  Probe  
  57  8:15  Photon Cannon  
  57  8:17  Probe  
  57  8:18  Photon Cannon  
  58  8:20  Probe  
  59  8:28  Probe  
  59  8:29  Probe  
  61  8:37  Probe  
  61  8:41  Probe, Observer  
  61  8:45  Probe  
  63  8:53  Probe  
  63  8:54  Probe  
  66  9:05  Probe  
  66  9:06  Probe  
  68  9:17  Probe  
  69  9:46  Warp Prism  
  69  9:56  Stalker  
  69  9:58  Gateway  
  73  10:02  Robotics Bay  
  73  10:06  Robotics Facility  
  73  10:08  Pylon  
  73  10:11  Fleet Beacon  
  73  10:13  Dark Shrine  
  73  10:15  Stargate  
  73  10:16  Templar Archives  
  73  10:23  Stalker  
  67  10:35  Stalker  
  57  10:47  Stalker  
Tags
 
Add a new tag
Caveats
  • Supply blocks, unpowered buildings, or Contaminate may cause inaccurate times.
  • Supply counts are checked every 10 seconds.